 Dungeon Crawl Stone Soup version 0.16.2-12-gd0ad4c3 (webtiles) character file.

1288 musteatbrain the Chopper (level 8, -8/64 HPs)
             Began as a Demonspawn Fighter on Sept 28, 2015.
             Was a Believer of Qazlal.
             Mangled by Duvessa
             ... wielding a +0 short sword
              (11 damage)
             ... on level 5 of the Dungeon.
             The game lasted 00:12:22 (4883 turns).

musteatbrain the Chopper (Demonspawn Fighter)       Turns: 4883, Time: 00:12:22

Health: -8/64      AC: 13    Str: 18      XL:     8   Next: 30%
Magic:  8/8        EV:  7    Int:  9 (11) God:    Qazlal [**....]
Gold:   130        SH: 11    Dex: 12      Spells: 0 memorised, 7 levels left

rFire  . . .     SeeInvis .     a - +0 war axe
rCold  . . .     Clarity  .     b - +0 scale mail
rNeg   . . .     SustAb   .     c - +0 shield
rPois  .         Gourm    .     (helmet restricted)
rElec  .         Spirit   .     (no cloak)
rCorr  .         Warding  .     (no gloves)
rMut   .         Rnd*Tele +     (no boots)
MR     .....                    (no amulet)
Stlth  ..........               (no ring)
                                u - +2 ring of intelligence

@: lethally poisoned (-8 -> -8), glowing, not resistant to hostile enchantments,
extremely unstealthy
A: antennae 1, hooves 1, rough black scales 2, powered by death 1, spiny 2,
teleportitis 1
a: Upheaval, Renounce Religion


You were on level 5 of the Dungeon.
You worshipped Qazlal.
Qazlal was pleased with you.
You were not hungry.

You visited 1 branch of the dungeon, and saw 5 of its levels.

You collected 130 gold pieces.

Inventory:

Hand weapons
 a - a +0 war axe (weapon)
Armour
 b - a +0 scale mail (worn)
 c - a +0 shield (worn)
 i - a +0 helmet
Jewellery
 u - a +2 ring of intelligence (left hand)
 D - a cursed ring of fire {unknown}
Scrolls
 f - a scroll of enchant weapon {unknown}
 g - 2 scrolls of recharging {unknown}
 h - 3 scrolls of remove curse {unknown}
 j - 2 scrolls of teleportation {unknown}
 l - a scroll of amnesia {unknown}
 m - 3 scrolls of enchant armour {unknown}
 o - 2 scrolls of blinking {unknown}
 p - 2 scrolls of immolation {unknown}
 t - 2 scrolls of fear {unknown}
 w - a scroll of random uselessness {unknown}
 y - 3 scrolls of identify
Potions
 e - 2 potions of might
 n - 2 potions of curing
 s - 2 potions of haste
 x - a potion of invisibility {unknown}
 z - a potion of cure mutation {unknown}
 A - a potion of flight {unknown}
 C - a potion of agility {unknown}
 E - 2 potions of magic {unknown}
 F - a potion of restore abilities {unknown}
Comestibles
 d - 7 bread rations
 k - 4 meat rations
 v - 2 fruits
 B - a beef jerky


   Skills:
 + Level 6.2 Fighting
 * Level 7.4 Axes
 + Level 3.3 Armour
 + Level 1.6 Dodging
 - Level 2.6 Shields


You had 7 spell levels left.
You didn't know any spells.

Dungeon Overview and Level Annotations

Branches:
Dungeon (5/15)
 Temple: D:4-7

Altars:
Fedhas
Qazlal
Vehumet
The Shining One

Shops:
D:5 (

Annotations:
D:5 Duvessa


Innate Abilities, Weirdness & Mutations

You have a pair of small antennae on your head.
You are mostly covered in rough black scales (AC +7, Dex -2).
You can steal the life force of nearby defeated enemies.
You are mostly covered in sharp spines.
You have large cloven feet.
Space occasionally distorts in your vicinity.


Message History

Duvessa is severely wounded.
You feel sick. You block Duvessa's attack. Duvessa hits you with a short sword!
* * * LOW HITPOINT WARNING * * *
You closely miss Duvessa. You kick Duvessa, but do no damage.
Duvessa is severely wounded.
You feel sick.
Duvessa is no longer moving quickly.
Duvessa hits you but does no damage. Duvessa barely misses you.
You barely miss Duvessa. You kick Duvessa, but do no damage.
Duvessa is severely wounded.
You feel sick. You block Duvessa's attack. Duvessa hits you with a short sword!
* * * LOW HITPOINT WARNING * * *
You closely miss Duvessa. You kick Duvessa, but do no damage.
Duvessa is severely wounded.
You feel sick. Duvessa hits you but does no damage. You block Duvessa's attack.
Drink which item? (? for menu, Esc to quit)
It was a potion of degeneration.
There was something very wrong with that liquid.
You feel dopey.
You feel sick. Duvessa hits you with a short sword!
You die...

#..####.##...#
#.###.##
#.##..##.#..##
#....... #.#
#.#..#
#####.## #.#
#.#§.# #.# #.#
#.#..# #.#
#.####.#..#
#.##
##....##..#
#...
#..######§..#
###.
#.....e@...#
#.
##....)...##
#. ##########
#. #† #. #† #.
#. #.


You could see Duvessa (berserk).

Vanquished Creatures
  Menkaure (D:5)
  2 sky beasts (D:5)
  2 ogres (D:5)
  A scorpion (D:4)
  A quasit (D:4)
  A goliath beetle (D:5)
  A crimson imp (D:5)
  A jelly (D:5)
  A giant frog skeleton (D:4)
  Dowan (D:5)
  4 worker ants
  An orc priest (D:4)
  3 orc wizards
  3 hounds
  Ijyb (D:2)
  2 hound zombies (D:5)
  9 adders
  5 worms
  2 giant geckos (D:3)
  13 orcs
  5 giant cockroaches
  8 hobgoblins
  7 jackals
  5 quokkas
  4 ball pythons
  14 bats
  7 giant newts
  17 goblins
  9 kobolds
  12 rats
  A plant (D:4)
144 creatures vanquished.

Notes
Turn   | Place    | Note
--------------------------------------------------------------
     0 | D:1      | musteatbrain, the Demonspawn Fighter, began the quest for the Orb.
     0 | D:1      | Reached XP level 1. HP: 18/18 MP: 1/1
   219 | D:1      | Gained mutation: You have a pair of small antennae on your head. [demonic ancestry]
   219 | D:1      | Reached XP level 2. HP: 24/24 MP: 2/2
   695 | D:2      | Found a stormy altar of Qazlal.
   714 | D:2      | Gained mutation: You are partially covered in sharp spines. [demonic ancestry]
   714 | D:2      | Reached XP level 3. HP: 14/29 MP: 3/3
   911 | D:2      | Became a worshipper of Qazlal Stormbringer
  1156 | D:2      | Noticed Ijyb
  1181 | D:2      | Killed Ijyb
  1181 | D:2      | Gained mutation: You are partially covered in rough black scales (AC +4, Dex -1). [demonic ancestry]
  1181 | D:2      | Reached XP level 4. HP: 34/37 MP: 4/4
  1611 | D:2      | Acquired Qazlal's first power
  2210 | D:3      | Reached skill level 4 in Axes
  2329 | D:3      | Gained mutation: You can steal the life force of nearby defeated enemies. [demonic ancestry]
  2329 | D:3      | Reached XP level 5. HP: 38/42 MP: 5/5
  3049 | D:4      | Reached skill level 5 in Axes
  3049 | D:4      | Gained mutation: You are mostly covered in rough black scales (AC +7, Dex -2). [demonic ancestry]
  3049 | D:4      | Reached XP level 6. HP: 30/49 MP: 6/6
  3276 | D:4      | Acquired Qazlal's second power
  3301 | D:4      | Found a radiant altar of Vehumet.
  3302 | D:4      | Found a glowing golden altar of the Shining One.
  3432 | D:4      | Reached skill level 5 in Fighting
  3587 | D:4      | Gained mutation: You are mostly covered in sharp spines. [demonic ancestry]
  3587 | D:4      | Reached XP level 7. HP: 56/56 MP: 7/7
  3715 | D:4      | Found a blossoming altar of Fedhas.
  3848 | D:5      | Entered Level 5 of the Dungeon
  3859 | D:5      | Reached skill level 6 in Axes
  3881 | D:5      | Gained mutation: Space occasionally distorts in your vicinity. [mutagenic meat]
  3882 | D:5      | Gained mutation: You have large cloven feet. [mutagenic meat]
  4160 | D:5      | Found Sham's Antique Weapon Shoppe.
  4347 | D:5      | Noticed Menkaure
  4357 | D:5      | Killed Menkaure
  4357 | D:5      | Reached skill level 7 in Axes
  4357 | D:5      | Reached skill level 1 in Dodging
  4357 | D:5      | Reached XP level 8. HP: 11/64 MP: 8/8
  4859 | D:5      | Noticed Duvessa
  4859 | D:5      | Noticed Dowan
  4871 | D:5      | Killed Dowan
  4881 | D:5      | HP: 3/64 [Duvessa/short sword (8)]
  4883 | D:5      | Mangled by Duvessa

Action                   |  1- 3 |  4- 6 |  7- 9 || total
-------------------------+-------+-------+-------++-------
Melee: War axe           |   155 |   302 |   137 ||   594
Invok: Upheaval          |       |       |     1 ||     1
  Use: Scroll            |       |     3 |     1 ||     4
       Potion            |       |       |     5 ||     5
  Eat: Chunk             |     1 |     8 |     4 ||    13
       Pizza             |       |     1 |       ||     1
       Fruit             |       |       |     2 ||     2
